 Dungeon Crawl Stone Soup version 0.29-a0-422-gafbd6decc1 (webtiles) character file.

Game seed: 14866975127248905972

64 Kazon the Covered (level 3, -1/31 HPs)
             Began as a Demigod Fighter on May 18, 2022.
             Slain by a water moccasin (2 damage)
             ... on level 3 of the Dungeon.
             The game lasted 00:07:41 (2108 turns).

Kazon the Covered (Demigod Fighter)                 Turns: 2108, Time: 00:07:42

Health: -1/31      AC: 10    Str: 21    XL:     3   Next: 64%
Magic:  5/5        EV: 13    Int: 10    God:
Gold:   119        SH:  4    Dex: 13    Spells: 2/2 levels left

rFire   . . .      SeeInvis .   n - +0 whip (venom)
rCold   . . .      Faith    .   c - +0 buckler
rNeg    . . .      Spirit   .   b - +0 scale mail
rPois   .          Reflect  .   (no helmet)
rElec   .          Harm     .   (no cloak)
rCorr   .          Rampage  .   (no gloves)
Will    .....                   (no boots)
Stlth   ..........              (no amulet)
HPRegen 0.10/turn               w - +4 ring of protection
MPRegen 0.09/turn               q - +4 ring of evasion

@: lethally poisoned (-1 -> -11)
A: high MP 1, forlorn, divine attributes
a: no special abilities


You were on level 3 of the Dungeon.
You visited 1 branch of the dungeon, and saw 3 of its levels.

You collected 119 gold pieces.

Inventory:

Hand Weapons
 a - a +0 long sword
 n - a +0 whip of venom (weapon)
Missiles
 f - 55 stones (quivered)
 l - 2 poisoned darts
Armour
 b - a +0 scale mail (worn)
 c - a +0 buckler (worn)
Jewellery
 p - a ring of protection from cold
 q - a +4 ring of evasion (right hand)
 w - a +4 ring of protection (left hand)
Scrolls
 e - a scroll of fog {unknown}
 h - a scroll of teleportation {unknown}
 i - a scroll of immolation {unknown}
 m - a scroll of enchant armour {unknown}
 s - a scroll of brand weapon {unknown}
 t - a scroll of silence {unknown}
 v - a scroll of blinking {unknown}
 x - a scroll of identify {unknown}
Potions
 d - a potion of might
 g - a potion of degeneration {unknown}
 j - a potion of curing {unknown}
 k - a potion of lignification {unknown}
 o - 2 potions of brilliance {unknown}
 r - a potion of invisibility {unknown}
 u - a potion of mutation {unknown}


   Skills:
 + Level 3.0 Fighting
 + Level 2.6 Long Blades
 + Level 0.1 Maces & Flails
 + Level 1.0 Throwing
 + Level 3.1 Armour
 + Level 0.1 Dodging
 + Level 3.0 Shields


You had 2 spell levels left.
You didn't know any spells.
Your spell library was empty.

Dungeon Overview and Level Annotations

Branches:
Dungeon (3/15)


Innate Abilities, Weirdness & Mutations

You have an increased reservoir of magic. (+10% MP)
You shall have no god before yourself.
Your divine heritage dramatically boosts your attributes as you level up.


Message History

The water moccasin hisses angrily.
Throw: 56 stones
Press: ? - help, Q - select action, (/) - cycle Shift-Dir - straight line, f - water moccasin
Aim: a water moccasin (38% to hit)
You throw a stone.
The stone closely misses the water moccasin.
Unknown command.
You miss the water moccasin. The water moccasin misses you.
The water moccasin bites you.
You are poisoned.
The water moccasin poisons you!
You closely miss the water moccasin.
You feel very sick. You block the water moccasin's attack.
You hit the water moccasin but do no damage.
The water moccasin is poisoned.
You feel sick. The water moccasin bites you.
The water moccasin closely misses you.
You miss the water moccasin.
The water moccasin is lightly wounded.
You feel sick. The water moccasin barely misses you.
You hit the water moccasin.
The water moccasin looks as sick as possible!
The water moccasin is lightly wounded.
You feel sick. The water moccasin closely misses you.
The water moccasin bites you.
You closely miss the water moccasin.
The water moccasin is lightly wounded.
You feel sick. The water moccasin closely misses you.
You hit the water moccasin but do no damage.
The water moccasin is moderately wounded.
You feel sick. The water moccasin bites you.
* * * LOW HITPOINT WARNING * * *
You are lethally poisoned!
The water moccasin poisons you! The water moccasin closely misses you.
You closely miss the water moccasin.
The water moccasin is heavily wounded.
* * * LOW HITPOINT WARNING * * *
You feel very sick. The water moccasin bites you.
You die...

#. #. #. #. $.......#
#.##### ........#
#.#...#
........#######S#.#.#
................@.#.#
..>..............#..#
....................#
..........#..8..#.†##
..........##..$##..#
#####.##..#######..#
#####.##..##)..##..#
......##..#..8..#..#
########...........#


You could see a water moccasin (very poisoned).

Vanquished Creatures
  An adder (D:3)
  2 dart slugs (D:2)
  4 ball pythons
  7 bats
  4 endoplasms
  A giant cockroach (D:3)
  6 goblins
  5 hobgoblins
  2 jackals (D:1)
  6 kobolds
  5 frilled lizards
  6 rats
49 creatures vanquished.

Notes
Turn   | Place    | Note
-------+----------+-------------------------------------------
     0 | D:1      | Kazon the Demigod Fighter began the quest for the Orb.
     0 | D:1      | Reached XP level 1. HP: 18/18 MP: 3/3
   217 | D:1      | Reached XP level 2. HP: 25/25 MP: 4/4
  1144 | D:2      | Reached XP level 3. HP: 30/30 MP: 5/5
  1752 | D:3      | Reached skill level 1 in Throwing
  2099 | D:3      | Noticed a water moccasin
  2108 | D:3      | HP: 1/31 [poisoned by a water moccasin]
  2108 | D:3      | Slain by a water moccasin

Illustrated notes

Levels and vault maps discovered:
D:1:      shiori_arrival_maze, layout_basic,
          shapermc_ecumenical_altar_mp_vishouse
D:2:      layout_basic, lightli_corner_chamber
D:3:      layout_basic, nicolae_overflow_squiral, mrwooster_statue_mirror

Skill      XL: |  1  2  3 |
---------------+----------+-----
Long Blades    | 2 |  2.6
Armour         | 3 |  3.1
Throwing       | 1 |  1.0
Shields        | 3 |  3.0
Fighting       | 3 |  3.0
Maces & Flails | |  0.1
Dodging        | |  0.1

Action                   || total
-------------------------++-------
Melee: Long sword        ||    52
       Whip              ||    68
Throw: Stone             ||    45
Armor: Scale mail        ||    29
Dodge: Dodged            ||    66
Block: Buckler           ||    29

Table legend: (Time is in decaauts)
 A = Elapsed time spent in this place.
 B = Non-inter-level travel time spent in this place.
 C = Inter-level travel time spent in this place.
 D = Time resting spent in this place.
 E = Time spent auto-exploring this place.
 F = Levels seen in this place.
 G = Mean time per level.
                   A        B        C        D        E       F      G
               +--------+--------+--------+--------+--------+-----+--------+
         Total |   2136 |   2040 |     96 |      0 |    835 |   3 |  712.0 |
       Dungeon |   2136 |   2040 |     96 |      0 |    835 |   3 |  712.0 |
               +--------+--------+--------+--------+--------+-----+--------+

Top non-repeatable levels by time:
     D:1: 838 daAuts
     D:2: 661 daAuts
     D:3: 637 daAuts
